 Seeded DCSS version 0.30.0-15-g856e2d3f33 (webtiles) character file.

Game seed: 12735965570273765983 (custom seed)

4836 Pimp the Spear-Bearer (level 10, 0/78 (79) HPs)
             Began as a Merfolk Gladiator on May 19, 2023.
             Was an Elder of Okawaru.
             Killed from afar by an acid dragon (5 damage)
             ... with a splash of acid
             ... on level 9 of the Dungeon.
             The game lasted 00:19:14 (7898 turns).

Pimp the Spear-Bearer (Merfolk Gladiator)           Turns: 7898, Time: 00:19:15

HP:   0/78 (79)     AC: 14    Str: 18    XL:     10   Next: 49%
MP:   0/10          EV: 14    Int: 18    God:    Okawaru [****..]
Gold: 486           SH: 16    Dex: 15    Spells: 9/9 levels left

rFire   + . .        f - +3 demon trident (drain)
rCold   . . .        y - +0 tower shield
rNeg    + . .        F - +2 scale mail {rF+}
rPois   .            c - +2 helmet
rElec   .            (no cloak)
rCorr   .            g - +2 pair of gloves
SInv    .            n - melded +0 pair of boots {Stlth+}
Will    .....        L - amulet of Yrazoxe {Spirit *Slow rN+ Int+5 Stlth+}
Stlth   +++          i - ring "Gujoneepn" {AC+4 Int+4 Stlth+}
HPRegen 0.33/turn    (no ring)
MPRegen 0.12/turn

%: slow self (1%), guardian spirit
@: corroded, lightly drained, very quick
A: nimble swimmer 2, mertail
a: Renounce Religion, Heroism, Finesse


You were on level 9 of the Dungeon.
You worshipped Okawaru.
Okawaru was greatly pleased with you.
You visited 2 branches of the dungeon, and saw 10 of its levels.

You collected 486 gold pieces.

Inventory:

Hand Weapons
 a - a +0 trident
 f - a +3 demon trident of draining (weapon)
 K - the +7 staff of the Meek {protect, meekguard}
   (You found it on level 8 of the Dungeon)
Missiles
 d - 3 throwing nets (quivered)
 e - 3 javelins
Armour
 b - a +0 leather armour
 c - a +2 helmet (worn)
 g - a +2 pair of gloves (worn)
 n - a +0 pair of boots of stealth (melded)
 o - a +1 pair of boots
 y - a +0 tower shield (worn)
 F - a +2 scale mail of fire resistance (worn)
Jewellery
 i - the ring "Gujoneepn" (left hand) {AC+4 Int+4 Stlth+}
   (You acquired it on level 1 of the Dungeon)

   [ring of protection]

   AC:        It affects your AC (+4).
   Int:       It affects your intelligence (+4).
   Stlth:     It makes you more stealthy.
 t - a ring of positive energy
 L - the amulet of Yrazoxe (around neck) {Spirit *Slow rN+ Int+5 Stlth+}
   (You found it on level 9 of the Dungeon)

   [amulet of guardian spirit]

   It causes incoming damage to be divided between your reserves of health and
   magic.
   Int:       It affects your intelligence (+5).
   rN:        It protects you from negative energy.
   *Slow:     It may slow you when you take damage.
   Stlth:     It makes you more stealthy.
Wands
 A - a wand of iceblast (21)
 H - a wand of paralysis (15)
 J - a wand of flame (28)
Scrolls
 h - 3 scrolls of vulnerability
 m - 5 scrolls of teleportation
 p - a scroll of immolation
 x - a scroll of fear {unknown}
 C - a scroll of poison {unknown}
Potions
 j - a potion of haste
 k - a potion of magic {unknown}
 q - a potion of mutation {unknown}
 r - a potion of flight {unknown}
 v - a potion of berserk rage {unknown}
 z - 4 potions of curing
 B - 3 potions of lignification
 D - a potion of brilliance {unknown}
 E - 2 potions of heal wounds {unknown}
 G - 4 potions of might
 I - a potion of invisibility {unknown}


   Skills:
 + Level 7.5 Fighting
 + Level 9.7 Polearms
 - Level 4.7 Throwing
 + Level 9.6 Dodging
 * Level 8.7 Shields


You had 9 spell levels left.
You didn't know any spells.
Your spell library contained the following spells:

 Spells                   Type           Power      Damage    Failure   Level
 Slow                     Hex            0%         N/A       99%         1
 Lesser Beckoning         Tloc           0%         N/A       99%         2
 Sublimation of Blood     Necr           0%         N/A       99%         2
 Wereblood                Tmut           0%         N/A       99%         2
 Confusing Touch          Hex            0%         N/A       100%        3
 Dazzling Flash           Conj/Hex       0%         N/A       100%        3
 Gell's Gravitas          Tloc           0%         N/A       100%        3
 Teleport Other           Tloc           0%         N/A       100%        3
 Vampiric Draining        Necr           0%         2d6       100%        3
 Volatile Blastmotes      Fire/Tloc      0%         2d10      100%        3
 Iskenderun's Mystic Bla  Conj/Tloc      0%         2d3       100%        4
 Passage of Golubria      Tloc           0%         N/A       100%        4
 Silence                  Hex/Air        0%         N/A       100%        5
 Starburst                Conj/Fire      0%         6d3       100%        6
 Lehudib's Crystal Spear  Conj/Erth      0%         10d2      100%        8
 Chain Lightning          Conj/Air       0%         N/A       100%        9
 Fire Storm               Conj/Fire      0%         5d1       100%        9
 Shatter                  Erth           0%         3d5*      100%        9
 Summon Small Mammal      Summ           Unusable   N/A       N/A         1
 Call Canine Familiar     Summ           Unusable   N/A       N/A         3
 Summon Guardian Golem    Hex/Summ       Unusable   N/A       N/A         3
 Summon Hydra             Summ           Unusable   N/A       N/A         7

Dungeon Overview and Level Annotations

Branches:
Dungeon (9/15)             Temple (1/1) D:5             Orc (0/2) D:9
   Lair: D:8-11

Altars:
Dithmenos
Elyvilon
Fedhas
Gozag
Hepliaklqana
Kikubaaqudgha
Nemelex Xobeh
Okawaru
Qazlal
Ru
Sif Muna
Uskayaw
Vehumet
Wu Jian
Xom
Yredelemnul

Annotations:
D:5 2 transporters, Pimp's ghost, amateur MfGl


Innate Abilities, Weirdness & Mutations

You are very nimble when in or above water. (Stealth+, EV+, Speed+++)
Your lower body shifts to a powerful aquatic tail in water.


Message History

The acid dragon bites you but does no damage.
The acid dragon claws you but does no damage.
You hit the acid dragon but do no damage.
The acid dragon is lightly wounded.
You block the wight's attack. You block the acid dragon's attack.
The acid dragon claws you but does no damage.
Blink to where?
Press: ? - help, Dir - move target
As you read the scroll of blinking, it crumbles to dust.
Your legs become a tail as you enter the water.
Your +0 pair of boots of stealth melds into your body.
You feel less stealthy.
You start resting.
An acid dragon is nearby!
The acid dragon spits acid at you. The splash of acid hits you!
You hear a shout!
You block the acid dragon's attack. The acid dragon claws you.
You are no longer corroded.
The acid dragon bites you but does no damage.
You block the acid dragon's attack.
You puncture the acid dragon!
The acid dragon is moderately wounded.
The acid dragon spits acid at you. The splash of acid hits you!!
* * * LOW HITPOINT WARNING * * *
The acid corrodes you!
You hit the acid dragon. You drain the acid dragon.
The acid dragon is heavily wounded.
The acid dragon completely misses you.
The acid dragon claws you but does no damage.
You closely miss the acid dragon.
The acid dragon is heavily wounded.
The acid dragon barely misses you.
The acid dragon claws you but does no damage.
You closely miss the acid dragon.
The acid dragon is heavily wounded.
The acid dragon spits acid at you. The splash of acid hits you!
You die...

#................#
#................#
#................#
############.........#
......................
##..................
#.≈≈≈≈≈≈≈≈≈≈≈≈≈≈≈≈≈
#.≈≈≈≈≈≈≈≈≈≈≈≈≈≈≈≈≈
#.@D###############
#.≈≈#)≈............
#.≈≈###............
###.≈≈#>.........8...
#...≈≈###.....)......
#..z≈≈#)≈....))......
#...≈≈############### ##.
#...≈≈≈≈≈≈≈≈≈≈≈≈≈≈≈≈≈
.....###...≈≈≈≈≈≈≈≈≈≈≈≈≈≈≈≈≈


You could see an acid dragon (catching breath, drained) and a wight.

Vanquished Creatures
  Maggie (D:7)
  A hornet (D:7)
  A shadow (D:9)
  Eustachio (D:6)
  A wyvern (D:9)
  Edmund (D:6)
  A water moccasin (D:8)
  10 orc warriors
  An ice beast (D:7)
  A sky beast (D:7)
  A black bear (D:6)
  A phantom (D:5)
  4 bullfrogs
  5 scorpions
  5 wights
  6 killer bees (D:8)
  2 howler monkeys
  A jelly (D:6)
  12 orc priests
  6 hounds
  A gnoll bouda (D:5)
  4 sleepcaps
  Jessica (D:3)
  Terence (D:2)
  An iguana (D:6)
  7 orc wizards
  7 adders
  11 gnolls
  A shadow imp (D:7)
  A white imp (D:6)
  2 ufetubi (D:6)
  2 worms
  A dart slug (D:3)
  54 orcs
  8 ball pythons
  7 bats
  4 endoplasms
  2 giant cockroaches
  7 goblins
  6 hobgoblins
  7 jackals
  6 kobolds
  7 quokkas
  4 frilled lizards
  5 rats
219 creatures vanquished.

Notes
Turn   | Place    | Note
-------+----------+-------------------------------------------
     0 | D:1      | Pimp the Merfolk Gladiator began the quest for the Orb.
     0 | D:1      | Reached XP level 1. HP: 16/16 MP: 1/1
    38 | D:1      | Identified 2 scrolls of acquirement
    38 | D:1      | Acquired the ring "Gujoneepn" {AC+4 Int+4 Stlth+}
    39 | D:1      | Acquired a +2 demon trident of draining
   117 | D:1      | Reached XP level 2. HP: 23/23 MP: 2/2
   528 | D:1      | Reached XP level 3. HP: 28/28 MP: 3/3
   962 | D:2      | Reached XP level 4. HP: 35/35 MP: 4/4
  1087 | D:2      | Found a stormy altar of Qazlal.
  1112 | D:2      | Noticed Terence
  1119 | D:2      | Killed Terence
  1692 | D:3      | Noticed Jessica
  1694 | D:3      | Killed Jessica
  1695 | D:3      | Reached skill level 5 in Polearms
  1695 | D:3      | Reached skill level 5 in Dodging
  1695 | D:3      | Reached XP level 5. HP: 41/41 MP: 5/5
  2419 | D:4      | Found a shadowy altar of Dithmenos.
  2441 | D:4      | Found a blossoming altar of Fedhas.
  2450 | D:4      | Found a hazy altar of Hepliaklqana.
  2528 | D:4      | Found a radiant altar of Vehumet.
  2689 | D:4      | Found a basalt altar of Yredelemnul.
  2876 | D:5      | Entered Level 5 of the Dungeon
  2929 | D:5      | Reached skill level 1 in Shields
  2929 | D:5      | Reached XP level 6. HP: 31/48 MP: 6/6
  3069 | D:5      | Found an ornate altar of the Wu Jian Council.
  3106 | D:5      | Found a hide-covered altar of Uskayaw.
  3285 | D:5      | Reached XP level 7. HP: 52/54 MP: 7/7
  3373 | D:5      | Found a staircase to the Ecumenical Temple.
  3565 | D:5      | Identified the +2 scimitar of Qeapla {drain, Drain rF++
                  | Str+3 Stlth+}
  3655 | Temple   | Entered the Ecumenical Temple
  3695 | Temple   | Became a worshipper of Warmaster Okawaru
  3799 | D:5      | Found a transporter.
  3814 | D:5      | Identified the +6 great mace "Zabrocita" {flame, rPois rF-
                  | Str+3}
  3814 | D:5      | Noticed Pimp's ghost (amateur MfGl)
  3915 | D:5      | Found a transporter.
  3966 | D:6      | Noticed Eustachio
  4069 | D:6      | Killed Eustachio
  4106 | D:6      | Reached * piety under Okawaru
  4107 | D:6      | Reached XP level 8. HP: 49/61 MP: 8/8
  4422 | D:6      | Noticed Edmund
  4433 | D:6      | Killed Edmund
  4434 | D:6      | Reached skill level 5 in Fighting
  4811 | D:6      | Reached skill level 5 in Shields
  4942 | D:6      | Reached ** piety under Okawaru
  5269 | D:7      | Noticed Maggie
  5284 | D:7      | Killed Maggie
  5285 | D:7      | Reached XP level 9. HP: 64/69 MP: 9/9
  5570 | D:7      | Found a white marble altar of Elyvilon.
  5911 | D:7      | Noticed a hornet
  5920 | D:7      | Killed a hornet
  5920 | D:7      | Reached *** piety under Okawaru
  6398 | D:8      | Found a sparkling altar of Nemelex Xobeh.
  6680 | D:8      | Reached XP level 10. HP: 60/77 MP: 10/10
  7074 | D:8      | Found the +7 staff of the Meek {protect, meekguard}
  7282 | D:9      | Found an ancient bone altar of Kikubaaqudgha.
  7285 | D:9      | Identified the amulet of Yrazoxe {Spirit *Slow rN+ Int+5
                  | Stlth+}
  7579 | D:9      | Reached **** piety under Okawaru
  7599 | D:9      | Found a staircase to the Orcish Mines.
  7898 | D:9      | Killed from afar by an acid dragon

Illustrated notes

Levels and vault maps discovered:
D:1:      dpeg_arrival_long_road, layout_loops_cross, hex_tiny
D:2:      minmay_evil_eye, layout_basic, basic_altar, minmay_ruptured,
          uniq_terence
D:3:      layout_loops_ring, minmay_surrounded, uniq_jessica
D:4:      layout_cave_pools, mainiacjoe_overflow_brackets,
          mainiacjoe_overflow_24_doors, mainiacjoe_overflow_catwalk, minitemple
D:5:      layout_basic, eat_drink_and_be_merry_uskayaw, kennysheep_little_box,
          minmay_temple_entry_glassed_door, gammafunk_ghost_smash, minivault_25
D:6:      old_forge, layout_loops_corners, uniq_edmund, uniq_eustachio
D:7:      minmay_angry_zag, layout_loops_ring, mainiacjoe_overflow_alcove_2,
          uniq_maggie
D:8:      layout_basic, nemelex_diamond_rough_becter, pf_guarded_unrand_meek
D:9:      layout_basic, tso_altar, old_standard_altar, erik_orc_2
Temple:   jpeg_temple_clearing

Skill      XL: |  1  2  3  4  5  6  7  8  9 10 |
---------------+-------------------------------+-----
Fighting       | 3 4 5 6 7 |  7.5
Polearms       | 5 6 7 8 9 |  9.7
Throwing       | 3 4 |  4.7
Dodging        | 5 6 7 8 9 |  9.6
Shields        | 1 2 3 5 7 8 |  8.7

Action                     |  1- 3 |  4- 6 |  7- 9 | 10-12 || total
---------------------------+-------+-------+-------+-------++-------
  Melee: Demon trident     |    80 |   127 |   282 |   136 ||   625
         Tailslap          |       |       |       |     6 ||     6
    Use: Scroll            |     3 |       |       |    15 ||    18
         Potion            |       |       |     1 |       ||     1
   Stab: Sleeping          |     5 |    10 |     5 |     1 ||    21
         Held in net/web   |       |       |     1 |       ||     1
         Distracted        |       |       |       |     1 ||     1
 Armour: Leather armour    |    26 |    43 |    37 |       ||   106
         Scale mail        |       |       |    63 |    32 ||    95
  Dodge: Dodged            |    59 |    57 |    81 |    39 ||   236
  Block: Tower shield      |       |    38 |   171 |    92 ||   301
